Map: Glittering Ashes LE

Players

SpeCial - Winner!

  • Race: Terran Terran
  • League: Master

Scarlett

  • Race: Zerg Zerg
  • League: Master

Event: DreamHack SC2 Masters Last Chance 2022

VOD

Have the link to the VOD?

Description

Time

  • Played on: Dec. 19, 2021, 7:22 p.m.
  • Length: 6:14

All games in this series

Show
View Real Time Build Order
Export as new Build Order

SpeCial Terran - Winner!

Build Orders: Liberator Opening, Reaper Expand 

Get SALT Encoding   

  12  0:00  SCV  
  13  0:12  SCV  
  14  0:17  Supply Depot  
  14  0:24  SCV  
  15  0:38  SCV  
  15  0:39  Barracks  
  16  0:42  Refinery  
  16  0:51  SCV  
  17  1:03  SCV  
  18  1:15  SCV  
  19  1:27  Reaper, Orbital Command  
  20  1:39  Command Center  
  20  1:47  Supply Depot  
  20  1:53  SCV  
  21  1:59  Marine  
  22  2:05  SCV  
  22  2:07  Factory  
  23  2:15  Refinery  
  23  2:17  SCV  
  25  2:24  Barracks Reactor  
  25  2:29  SCV  
  25  2:41  SCV  
  26  2:47  Command Center  
  26  2:53  SCV  
  26  2:54  Orbital Command  
  27  3:01  Starport  
  27  3:06  SCV  
  27  3:10  Hellion  
  30  3:13  Hellion  
  30  3:15  Marine  
  30  3:19  SCV  
  34  3:20  SCV  
  35  3:31  Supply Depot  
  35  3:32  SCV  
  35  3:33  SCV  
  35  3:34  Hellion  
  39  3:37  Hellion  
  41  3:41  Liberator  
  41  3:43  Barracks Tech Lab  
  41  3:47  SCV  
  45  3:55  SCV  
  46  3:56  Supply Depot  
  46  3:57  Hellion  
  46  3:59  Hellion, SCV  
  51  4:08  Orbital Command  
  51  4:15  SCV x2  
  51  4:19  Hellion, Marine  
  51  4:20  Hellion  
  51  4:22  Supply Depot  
  56  4:27  SCV x2  
  56  4:28  Liberator  
  61  4:35  Orbital Command  
  61  4:39  SCV x2  
  61  4:41  Hellion x2  
  67  4:46  Supply Depot  
  67  4:51  SCV x2  
  69  4:54  Factory  
  69  5:02  SCV  
  69  5:03  SCV  
  69  5:04  SCV  
  69  5:05  Factory, Refinery  
  69  5:06  Hellion x2, Refinery  
  76  5:14  Barracks Tech Lab  
  76  5:16  SCV x2  
  76  5:18  SCV  
  76  5:20  Supply Depot  
  79  5:28  Hellion x2, SCV x2  
  85  5:29  Supply Depot  
  85  5:35  SCV  
  86  5:40  SCV x2  
  88  5:47  SCV  
  88  5:49  Hellion x2  
  93  5:52  SCV x2  
  92  5:59  SCV  
Show
View Real Time Build Order
Export as new Build Order

Scarlett Zerg 

Build Orders: Hatch First 

Get SALT Encoding   

  12  0:00  Drone  
  13  0:12  Overlord  
  13  0:16  Drone  
  14  0:30  Drone x2  
  16  0:46  Hatchery  
  15  0:50  Drone  
  15  0:53  Drone  
  15  0:57  Drone  
  18  1:07  Extractor  
  17  1:11  Spawning Pool  
  17  1:15  Drone  
  17  1:18  Drone  
  18  1:27  Drone  
  19  1:38  Drone  
  20  1:49  Drone  
  21  1:58  Queen x2  
  21  1:59  Zergling x4  
  27  2:10  Drone, Overlord  
  28  2:19  Hatchery  
  28  2:22  Drone  
  28  2:31  Drone x2  
  29  2:41  Metabolic Boost, Queen  
  29  2:43  Drone  
  32  2:47  Overlord  
  32  2:54  Drone x2  
  34  3:00  Drone  
  35  3:07  Drone x2  
  35  3:08  Drone x2  
  35  3:09  Overlord  
  39  3:16  Queen  
  39  3:18  Drone x2  
  43  3:30  Drone, Queen  
  43  3:31  Drone  
  47  3:35  Queen  
  47  3:36  Drone  
  47  3:38  Zergling x4  
  52  3:43  Drone x2  
  54  3:50  Drone x3, Overlord  
  54  3:52  Drone  
  58  4:05  Overlord  
  58  4:06  Baneling Nest  
  57  4:10  Drone  
  57  4:11  Drone x5  
  63  4:17  Zergling x4  
  65  4:30  Drone x6  
  65  4:31  Queen  
  73  4:33  Overlord  
  73  4:36  Overlord  
  73  4:40  Queen, Extractor  
  73  4:41  Extractor  
  73  4:42  Overlord  
  73  4:45  Drone  
  73  4:55  Drone, Spore Crawler  
  73  4:56  Drone  
  73  4:58  Zergling x4, Spore Crawler  
  73  4:59  Hatchery  
  74  5:00  Baneling x5, Spore Crawler  
  74  5:01  Drone x4  
  77  5:13  Drone x6  
  81  5:31  Drone x6  
  81  5:33  Extractor  
  81  5:34  Extractor  
  85  5:36  Evolution Chamber  
  85  5:38  Evolution Chamber  
  83  5:42  Spore Crawler  
  73  5:57  Drone x11  

Tags
 
Add a new tag
Caveats
  • Supply blocks, unpowered buildings, or Contaminate may cause inaccurate times.
  • Supply counts are checked every 10 seconds.